 Dungeon Crawl Stone Soup version 0.30.1-3-gfc49f6343a (webtiles) character file.

Game seed: 8088474413123145945

15 javelincjr the Caller (level 2, -4/17 HPs)
             Began as an Octopode Summoner on Aug 9, 2023.
             Slain by a goblin
             ... wielding a +2 dagger of electrocution
              (15 damage)
             ... on level 1 of the Dungeon.
             The game lasted 00:01:49 (223 turns).

javelincjr the Caller (Octopode Summoner)            Turns: 223, Time: 00:01:50

Health: -4/17      AC:  1    Str:  7    XL:     2   Next: 50%
Magic:  4/5        EV: 13    Int: 17    God:
Gold:   0          SH:  0    Dex: 12    Spells: 4/5 levels left

rFire   . . .        (no weapon)
rCold   . . .        (no shield)
rNeg    . . .        (helmet restricted)
rPois   .            (no amulet)
rElec   .            (no ring)
rCorr   .            (no ring)
SInv    .            (no ring)
Will    .....        (no ring)
Stlth   +++          (no ring)
HPRegen 0.22/turn    (no ring)
MPRegen 0.09/turn    (no ring)
                     (no ring)

%: no passive effects
@: no status effects
A: almost no armour, amphibious, 8 rings, camouflage 1, gelatinous body 1,
(nimble swimmer 1), tentacles
a: no special abilities


You were on level 1 of the Dungeon.
You visited 1 branch of the dungeon, and saw 1 of its levels.

Inventory:

Missiles
 d - 2 poisoned darts
Scrolls
 b - a scroll of fear {unknown}
 e - a scroll of identify {unknown}
 f - a scroll of teleportation {unknown}
Potions
 a - a potion of magic
 c - a potion of curing {unknown}


   Skills:
 + Level 2.2 Dodging
 + Level 3.2 Stealth
 + Level 2.2 Spellcasting
 + Level 4.1 Summonings


You had 4 spell levels left.
You knew the following spells:

 Your Spells              Type           Power      Damage    Failure   Level
a - Summon Small Mammal   Summ           64%        N/A       3%          1

Your spell library contained the following spells:

 Spells                   Type           Power      Damage    Failure   Level
 Call Imp                 Summ           32%        N/A       5%          2
 Call Canine Familiar     Summ           16%        N/A       11%         3
 Summon Guardian Golem    Hex/Summ       8%         N/A       24%         3
 Summon Lightning Spire   Summ/Air       8%         N/A       63%         4


Dungeon Overview and Level Annotations

Branches:
Dungeon (1/15)

Altars:


Innate Abilities, Weirdness & Mutations

You cannot wear most types of armour.
You are amphibious.
You can wear up to eight rings at the same time.
Your skin changes colour to match your surroundings (Stealth+).
Your rubbery body absorbs attacks. (AC +1, EV +1)
((You are camouflaged when in or above water. (Stealth+)))
You have tentacles for arms and can constrict up to eight enemies at once.


Message History

Found a scroll labelled ADEUGE CUOMM.
Found an escape hatch in the floor.
You tentacle-slap the dart slug but do no damage.
You grab the dart slug. You squeeze the dart slug.
The dart slug is heavily wounded.
You constrict the dart slug. The dart slug closely misses you.
You tentacle-slap the dart slug but do no damage.
The dart slug is severely wounded.
You constrict the dart slug. The dart slug launches a dart at you.
The slug dart misses you.
You tentacle-slap the dart slug. You squeeze the dart slug.
You kill the dart slug!
No target in view!
No target in view!
f - a scroll labelled ADEUGE CUOMM You open the door.
A goblin comes into view. It is wielding a +0 dagger.
There is an open door here.
The helpless goblin fails to defend itself.
You tentacle-slap the goblin. You grab the goblin.
The goblin is moderately wounded.
You constrict the goblin, but do no damage.
The goblin barely misses you.
You tentacle-slap the goblin but do no damage.
The goblin is moderately wounded.
You constrict the goblin. The goblin hits you but does no damage.
You barely miss the goblin.
The goblin is severely wounded.
You constrict the goblin.
You kill the goblin!
No target in view!
Things that are here:
a +0 dagger; a goblin corpse A goblin comes into view.
It is wielding a +2 dagger of electrocution.
The goblin shouts!
The goblin hits you with a +2 dagger of electrocution.
You are electrocuted!
Ouch! That really hurt!
You die...

............###+####'######
...............)............
............###.####......##
............# #.## ######.#
............# #..# #
............# ##.#
............# #.#
########..### #b#
########..# #@# #.....##..#
#g# #..<..'...# #.#
#.....##..# #.# ########...+
#.# #..## #.# ...# #.. .⌠.#
##. ...#


You could see a goblin (ally target) and a friendly bat (summoned).

Vanquished Creatures
  2 dart slugs (D:1)
  A ball python (D:1)
  An endoplasm (D:1)
  A giant cockroach (D:1)
  A goblin (D:1)
  A hobgoblin (D:1)
  A kobold (D:1)
  2 rats (D:1)
10 creatures vanquished.

Notes
Turn   | Place    | Note
-------+----------+-------------------------------------------
     0 | D:1      | javelincjr the Octopode Summoner began the quest for the
                  | Orb.
     0 | D:1      | Reached XP level 1. HP: 11/11 MP: 3/3
    88 | D:1      | Reached XP level 2. HP: 17/17 MP: 5/5
   223 | D:1      | Slain by a goblin

Illustrated notes

Levels and vault maps discovered:
D:1:      dpeg_arrival_rooms_a, layout_basic, minmay_tetromino_l4

Skill      XL: |  1 |
---------------+----+-----
Stealth        | 3 |  3.2
Dodging        | |  2.2
Spellcasting   | |  2.2
Summonings     | |  4.1

Action                     || total
---------------------------++-------
  Melee: Unarmed           ||    27
         Tentacles         ||     8
         Constrict         ||     8
   Cast: Summon Small Mamm ||     5
   Stab: Sleeping          ||     2
 Armour: Skin              ||     3
  Dodge: Dodged            ||    15
